 Dungeon Crawl Stone Soup version 0.29.1-2-gbd0b4ee654 (webtiles) character file.

Game seed: 5502877588034194496

53 DildoBatman the Conjurer (level 4, 0/30 (32) HPs)
             Began as a Formicid Conjurer on Nov 25, 2022.
             Frozen to death by an endoplasm (3 damage)
             ... on level 3 of the Dungeon.
             The game lasted 00:02:47 (1373 turns).

DildoBatman the Conjurer (Formicid Conjurer)        Turns: 1373, Time: 00:02:47

HP:   0/30 (32)     AC:  5    Str: 12    XL:     4   Next: 11%
MP:   8/8           EV: 12    Int: 19    God:
Gold: 256           SH:  0    Dex: 12    Spells: 5/8 levels left

rFire   . . .      SeeInvis +   e - +0 spear (venom)
rCold   . . .      Faith    .   (no shield)
rNeg    . . .      Spirit   .   a - +0 robe
rPois   .          Reflect  .   (helmet unavailable)
rElec   .          Harm     .   f - +1 cloak
rCorr   .          Rampage  .   l - +0 pair of gloves
Will    .....                   (no boots)
Stlth   ++........              (no amulet)
HPRegen 0.10/turn               (no ring)
MPRegen 0.11/turn               (no ring)

@: drained
A: permanent stasis, dig shafts and tunnels, antennae 3, four strong arms
a: Dig, Shaft Self


You were on level 3 of the Dungeon.
You visited 1 branch of the dungeon, and saw 3 of its levels.

You collected 256 gold pieces.

Inventory:

Hand Weapons
 e - a +0 spear of venom (weapon)
 q - a +0 sling
Missiles
 i - 3 javelins
 j - 9 stones
Armour
 a - a +0 robe (worn)
 f - a +1 cloak (worn)
 l - a +0 pair of gloves (worn)
Scrolls
 c - 2 scrolls of vulnerability {unknown}
 d - a scroll of poison {unknown}
 g - a scroll of magic mapping {unknown}
 h - a scroll of enchant weapon {unknown}
 k - a scroll of noise {unknown}
 n - 2 scrolls of identify {unknown}
Potions
 b - 3 potions of magic
 m - a potion of mutation {unknown}
 o - 2 potions of curing {unknown}
 p - a potion of brilliance {unknown}


   Skills:
 * Level 1.5 Fighting
 * Level 1.5 Armour
 - Level 2.0 Dodging
 - Level 2.4 Stealth
 * Level 2.7 Spellcasting
 * Level 3.9 Conjurations


You had 5 spell levels left.
You knew the following spells:

 Your Spells              Type           Power      Damage    Failure   Level
a - Searing Ray           Conj           34%        2d5       4%          2
c - Magic Dart            Conj           68%        1d6       3%          1

Your spell library contained the following spells:

 Spells                   Type           Power      Damage    Failure   Level
 Apportation              Tloc           4%         N/A       16%         1
 Necrotise                Necr           8%         1d4       16%         1
 Summon Small Mammal      Summ           8%         N/A       16%         1
 Dazzling Flash           Conj/Hex       20%        N/A       22%         3
 Fulminant Prism          Conj/Hex       5%         3d7       56%         4
 Iskenderun's Mystic Bla  Conj/Tloc      10%        2d4       56%         4


Dungeon Overview and Level Annotations

Branches:
Dungeon (3/15)

Altars:


Innate Abilities, Weirdness & Mutations

You cannot be hasted, slowed, berserked, paralysed or teleported.
You can dig through walls and to a lower floor.
You have a pair of large antennae on your head. (SInv)
Your four strong arms can wield two-handed weapons with a shield.


Message History

The jackal bites you but does no damage. x2
The jackal barely misses you. The endoplasm barely misses you.
What are your orders? t - Shout!
Orders for allies: a - Attack new target. r - Retreat! s - Stop attacking. g - Guard the area. f - Follow me.
Anything else - Cancel.
You shout for attention!
The jackal bites you.
The jackal bites you but does no damage. x2
The jackal misses you. The jackal closely misses you.
The jackal barely misses you. The endoplasm freezes you.
You are frozen.
What are your orders? t - Shout!
Orders for allies: a - Attack new target. r - Retreat! s - Stop attacking. g - Guard the area. f - Follow me.
Anything else - Cancel.
You shout for attention!
The jackal barely misses you. The jackal closely misses you.
The jackal bites you. The endoplasm barely misses you.
What are your orders? t - Shout!
Orders for allies: a - Attack new target. r - Retreat! s - Stop attacking. g - Guard the area. f - Follow me.
Anything else - Cancel.
You shout for attention!
The jackal bites you.
The jackal bites you but does no damage. x2
The endoplasm freezes you.
You are frozen.
You die...

... #. .. #.
..#. .#. # ..
.# #### #.
#.#
..<..#h#..#
#.....h@###.#
......Jh....#
......#######
$..... .####


You could see an endoplasm and 3 jackals.

Vanquished Creatures
  An adder (D:2)
  3 endoplasms
  2 giant cockroaches (D:1)
  7 goblins
  5 hobgoblins
  3 jackals (D:2)
  2 quokkas (D:2)
  2 ball pythons
  5 bats
  3 frilled lizards
  4 kobolds
  3 rats
40 creatures vanquished.

Vanquished Creatures (others)
  3 fungi (D:2)
  4 toadstools (D:2)
7 creatures vanquished.

Grand Total: 47 creatures vanquished

Notes
Turn   | Place    | Note
-------+----------+-------------------------------------------
     0 | D:1      | DildoBatman the Formicid Conjurer began the quest for the
                  | Orb.
     0 | D:1      | Reached XP level 1. HP: 13/13 MP: 3/3
   283 | D:1      | Reached XP level 2. HP: 20/20 MP: 5/5
   299 | D:1      | Learned a level 2 spell: Searing Ray
   754 | D:1      | Reached skill level 1 in Armour
   886 | D:2      | Reached skill level 1 in Fighting
   886 | D:2      | Reached XP level 3. HP: 26/26 MP: 6/6
  1326 | D:2      | Reached XP level 4. HP: 31/32 MP: 3/8
  1328 | D:2      | You fall into a shaft and drop 1 floor!
  1373 | D:3      | Frozen to death by an endoplasm

Illustrated notes

Levels and vault maps discovered:
D:1:      minmay_arrival_hallway, layout_basic
D:2:      layout_basic, basic_ecumenical_altar, minmay_gold_behind_fungi
D:3:      layout_basic, led_xom_imps

Skill      XL: |  1  2 |
---------------+-------+-----
Dodging        | 2 |  2.0
Armour         | 1 |  1.5
Fighting       | 1 |  1.5
Stealth        | |  2.4
Spellcasting   | |  2.7
Conjurations   | |  3.9

Action                   |  1- 3 |  4- 6 || total
-------------------------+-------+-------++-------
Melee: Spear             |    47 |       ||    47
       Unarmed           |     2 |       ||     2
       Punch             |     1 |       ||     1
 Cast: Magic Dart        |    38 |       ||    38
 Abil: Dig               |       |     1 ||     1
       Shaft Self        |       |     1 ||     1
 Stab: Sleeping          |     6 |       ||     6
Armor: Robe              |    14 |    25 ||    39
Dodge: Dodged            |    19 |    55 ||    74
